AoeStats
← [CL] Al3jandr0.magn00

MegaRandom

506283136Analyzed
1v1 RM · 19d ago on Sep 13, 2026· 48m 55s· 2 players
Game mode
Random Map
Map size
Tiny (2 player)
Population
200
Speed
Normal
Resources
Standard
Victory
Conquest
Starting age
Dark Age
Ending age
Imperial Age
RankedLock teamsTeams togetherTeam positionsShared explorationLock speedFull tech treeHidden civsTurbo modeCheats
Victory
Defeat
🇨🇱 Poles · Chile
2085
+6
🇦🇷 Goths · Argentina
1819
-6
[CL] Al3jandr0.magn00
4:09 Loom
14:20 Feudal Age
15:34 Town Watch
18:30 Castle Age
17:57 Double-Bit Axe
18:34 Fletching
29:28 Forging
29:19 Scale Mail Armor
30:53 Wheelbarrow
31:28 Chain Mail Armor
30:47 Pikeman
37:31 Anarchy
42:30 Iron Casting
44:00 Squires
43:37 Man-at-Arms
44:23 Long Swordsman
51:55 Imperial Age
Darth Maul
6:34 Loom
11:44 Feudal Age
12:22 Double-Bit Axe
15:55 Loom
21:45 Castle Age
22:13 Town Watch
22:45 Bow Saw
22:29 Fletching
27:23 Horse Collar
29:36 Wheelbarrow
29:53 Heavy Plow
30:51 Husbandry
31:39 Bloodlines
31:59 Light Cavalry
33:09 Pikeman
33:54 Squires
34:24 Forging
34:43 Scale Mail Armor
36:46 Iron Casting
37:35 Hand Cart
40:34 Man-at-Arms
41:28 Long Swordsman
45:35 Imperial Age
44:22 Chain Mail Armor
44:30 Arson
47:21 Blast Furnace
46:02 Two-Handed Swordsman
47:19 Champion
Connection lost

Rejoining the realm…

Still unreachable

The connection could not be restored.

Session expired

The server has moved on; the page needs a fresh start.